Map: Artillería pesada EE

Players

MrFercho - Winner!

  • Race: Zerg Zerg
  • League: Silver
  • Spawn Location: 7:00

TATORREA - Winner!

  • Race: Protoss Protoss
  • League: Gold
  • Spawn Location: 7:00

Moneta

  • Race: Protoss Protoss
  • Spawn Location: 3:00

Dbaze

  • Race: Protoss Protoss
  • League: Gold
  • Spawn Location: 1:00

VOD

Have the link to the VOD?

Description

Time

  • Played on: July 5, 2020, 11:14 p.m.
  • Length: 10:38
Show
View Real Time Build Order
Export as new Build Order

MrFercho Zerg - Winner!

Build Orders: Hatch First, Lurkers 

Get SALT Encoding   

  12  0:01  Drone  
  13  0:15  Overlord  
  13  0:18  Drone  
  14  0:34  Drone x2  
  16  0:40  Drone  
  17  0:55  Hatchery  
  16  0:57  Drone  
  16  1:03  Drone  
  18  1:15  Spawning Pool  
  18  1:17  Drone  
  18  1:22  Drone  
  19  1:32  Extractor, Drone  
  19  1:42  Drone  
  20  1:53  Overlord  
  20  2:01  Queen  
  20  2:06  Overlord  
  20  2:07  Drone  
  23  2:16  Drone  
  23  2:17  Drone  
  25  2:31  Queen  
  25  2:33  Drone x2  
  25  2:35  Drone  
  30  2:39  Lair  
  30  2:43  Drone  
  31  2:47  Drone  
  31  2:50  Drone  
  33  2:56  Drone  
  34  3:11  Drone x5  
  34  3:12  Drone  
  40  3:24  Overlord x2  
  40  3:34  Queen  
  40  3:39  Roach Warren  
  40  3:40  Extractor  
  40  3:43  Extractor  
  39  3:56  Hydralisk Den  
  39  4:00  Drone x9  
  47  4:43  Hydralisk  
  47  4:44  Hydralisk x5  
  59  4:51  Muscular Augments  
  59  4:55  Evolution Chamber  
  59  4:58  Drone x2  
  59  4:59  Overlord  
  60  5:00  Overlord x3  
  60  5:18  Extractor  
  60  5:19  Drone x3  
  60  5:21  Extractor x2, Hatchery  
  60  5:23  Drone  
  60  5:26  Drone  
  61  5:36  Zerg Missile Weapons Level 1  
  61  5:38  Glial Reconstitution  
  61  5:44  Evolution Chamber  
  61  5:48  Drone x8  
  68  6:02  Grooved Spines  
  68  6:12  Spore Crawler  
  68  6:16  Drone  
  68  6:19  Spine Crawler  
  68  6:20  Hydralisk  
  68  6:21  Hydralisk x7  
  83  6:36  Hatchery  
  82  6:50  Drone  
  82  6:51  Drone x8  
  91  7:17  Zerg Ground Armor Level 1  
  91  7:19  Drone x2  
  93  7:27  Infestation Pit  
  92  7:31  Lurker Den  
  91  7:41  Hydralisk x3  
  91  7:44  Overlord x16  
  97  7:59  Hydralisk x3  
  97  8:01  Hydralisk x2  
  97  8:02  Hydralisk x2  
  97  8:03  Hydralisk  
  113  8:33  Hydralisk x12  
  137  9:09  Hydralisk  
  137  9:10  Hydralisk x9  
  137  9:12  Hydralisk  
  137  9:14  Drone  
  160  9:23  Hatchery, Lurker x2  
  160  9:24  Lurker x5  
  166  9:25  Extractor  
  166  9:28  Extractor  
  166  9:29  Hydralisk x2  
Show
View Real Time Build Order
Export as new Build Order

TATORREA Protoss - Winner!

Build Orders: 1 Gate Expand 

Get SALT Encoding   

  12  0:01  Probe  
  13  0:13  Probe  
  14  0:24  Pylon  
  14  0:25  Probe  
  15  0:42  Probe  
  16  0:44  Gateway  
  16  0:54  Probe  
  17  0:59  Assimilator  
  17  1:04  Pylon, Probe  
  18  1:12  Probe  
  19  1:21  Probe  
  20  1:38  Nexus  
  20  1:42  Probe  
  21  1:54  Probe  
  22  1:56  Assimilator  
  22  2:06  Probe  
  23  2:09  Cybernetics Core  
  23  2:18  Probe  
  24  2:30  Probe  
  24  2:44  Probe  
  24  2:50  Probe  
  26  2:53  Stalker  
  28  3:00  Probe  
  28  3:02  Probe  
  28  3:03  Warp Gate  
  30  3:14  Probe  
  30  3:15  Probe  
  30  3:17  Nexus  
  32  3:20  Pylon  
  32  3:27  Probe x2  
  33  3:39  Probe x2  
  35  3:51  Probe  
  36  4:01  Probe  
  36  4:02  Gateway x2  
  37  4:03  Probe  
  37  4:05  Robotics Facility  
  37  4:07  Assimilator  
  38  4:10  Assimilator  
  38  4:13  Stalker, Probe  
  38  4:15  Probe  
  42  4:27  Probe x2  
  42  4:30  Pylon  
  44  4:34  Pylon  
  44  4:35  Probe  
  45  4:39  Probe  
  45  4:41  Probe  
  47  4:49  Probe  
  47  4:51  Probe  
  49  4:54  Immortal  
  49  4:59  Stalker x2  
  57  5:00  Stalker  
  57  5:02  Probe  
  57  5:03  Probe  
  57  5:05  Probe  
  62  5:14  Probe  
  62  5:16  Probe  
  62  5:17  Pylon  
  62  5:20  Pylon  
  64  5:23  Pylon  
  64  5:34  Observer  
  65  5:37  Forge  
  65  5:39  Forge  
  65  5:41  Forge, Probe  
  65  5:42  Probe x2  
  68  5:54  Probe x3  
  68  5:55  Immortal  
  68  5:56  Twilight Council  
  75  5:57  Stalker  
  75  5:58  Stalker  
  75  6:00  Sentry  
  81  6:06  Probe x3  
  84  6:15  Assimilator  
  84  6:18  Probe x3  
  85  6:19  Assimilator  
  85  6:22  Stalker  
  85  6:23  Stalker x2  
  93  6:32  Protoss Ground Weapons Level 1  
  93  6:33  Protoss Ground Armor Level 1, Protoss Shields Level 1  
  93  6:36  Probe  
  93  6:37  Probe x2, Blink  
  93  6:38  Nexus  
  96  6:40  Pylon  
  96  6:48  Probe  
  96  6:49  Probe  
  96  6:51  Probe  
  99  7:06  Probe  
  99  7:07  Probe x2  
  102  7:16  Stalker x2  
  102  7:17  Stalker  
  108  7:24  Gateway  
  108  7:26  Gateway  
  108  7:28  Gateway  
  108  7:30  Assimilator  
  108  7:32  Gateway, Assimilator  
  108  7:35  Probe x3  
  111  7:42  Immortal  
  115  7:44  Stalker  
  115  7:50  Probe x3  
  120  8:04  Pylon  
  120  8:06  Pylon  
  120  8:09  Pylon  
  120  8:13  Pylon  
  120  8:16  Pylon  
  120  8:44  Stalker  
  120  8:46  Stalker x2  
  120  8:47  Stalker x4  
  134  8:49  Immortal  
  134  8:50  Charge  
  134  8:53  Nexus  
  138  8:56  Pylon x2  
  138  8:58  Pylon  
  138  9:16  Templar Archives  
  138  9:19  Stargate  
  138  9:23  Stargate  
  138  9:27  Stargate  
  138  9:29  Cybernetics Core  
  138  9:36  Probe  
  138  9:38  Probe x2  
  141  9:40  Stalker x2  
  141  9:41  Stalker x3  
  141  9:42  Stalker x2  
  141  9:45  Observer  
Show
View Real Time Build Order
Export as new Build Order

Moneta Protoss 

Build Orders:  

Get SALT Encoding   

  12  0:01  Probe  
  13  0:17  Probe  
  13  0:18  Pylon  
  14  0:25  Probe  
  15  0:40  Gateway  
  15  0:46  Probe  
  16  0:52  Assimilator  
  16  0:58  Probe  
  17  1:06  Probe  
  18  1:14  Probe  
  19  1:37  Cybernetics Core  
  19  1:38  Probe  
  20  1:50  Assimilator, Probe  
  21  2:02  Probe  
  21  2:03  Nexus  
  21  2:04  Warp Gate  
  22  2:14  Probe  
  23  2:38  Pylon  
  23  2:56  Probe, Zealot  
  26  3:02  Twilight Council  
  26  3:08  Probe  
  27  3:34  Robotics Facility  
  27  3:35  Probe  
  27  3:37  Probe  
  29  3:45  Probe  
  29  3:47  Probe  
  30  3:55  Probe  
  31  3:56  Gateway  
  31  4:00  Probe  
  33  4:05  Charge  
  33  4:07  Pylon, Probe  
  33  4:09  Forge, Zealot  
  36  4:12  Probe  
  37  4:25  Assimilator  
  37  4:27  Assimilator  
  37  4:30  Immortal  
  41  4:42  Dark Shrine, Protoss Ground Weapons Level 1  
  41  4:51  Gateway  
  41  4:53  Probe x2  
  43  5:02  Stalker  
  43  5:03  Zealot  
  43  5:05  Probe x2  
  49  5:17  Pylon, Probe  
  49  5:18  Probe  
  51  5:23  Pylon  
  51  5:30  Probe  
  51  5:31  Pylon  
  51  5:34  Pylon  
  52  5:40  Stalker  
  52  5:41  Zealot  
  52  5:42  Probe  
  57  5:51  Photon Cannon  
  57  5:53  Photon Cannon  
  57  5:54  Probe  
  57  5:56  Pylon  
  58  6:03  Photon Cannon  
  58  6:07  Dark Templar  
  58  6:08  Dark Templar  
  62  6:16  Observer  
  63  6:20  Probe  
  63  6:22  Probe  
  65  6:31  Photon Cannon  
  65  6:32  Probe  
  66  6:34  Probe  
  66  6:38  Zealot  
  69  7:23  Nexus  
  69  7:30  Pylon  
  69  7:34  Zealot  
  69  7:35  Dark Templar x2  
  75  7:49  Gateway  
  75  7:54  Gateway  
  75  7:55  Probe  
  75  7:56  Gateway, Probe  
  77  7:59  Gateway  
  77  8:08  Probe x2, Dark Templar  
  81  8:20  Probe x2  
  83  8:32  Probe x2  
  84  8:42  Archon  
  84  8:43  Archon  
  84  8:44  Probe  
  84  8:46  Dark Templar x4  
  93  8:57  Pylon  
  93  9:00  Pylon  
  93  9:02  Pylon  
  93  9:04  Pylon  
  93  9:08  Archon  
  93  9:09  Archon  
  93  9:15  Immortal  
  97  9:23  Dark Templar  
  97  9:24  Pylon, Dark Templar x2  
  101  9:25  Pylon, Dark Templar x3  
  101  9:28  Dark Templar  
  111  9:38  Pylon  
  111  9:44  Archon x2  
  111  9:45  Archon x2  
Show
View Real Time Build Order
Export as new Build Order

Dbaze Protoss 

Build Orders:  

Get SALT Encoding   

  1  0:00  Probe  
  13  0:17  Pylon  
  13  0:19  Probe  
  14  0:31  Probe  
  15  0:39  Gateway  
  15  0:43  Probe  
  16  0:54  Assimilator  
  16  0:55  Probe  
  17  1:05  Probe  
  17  1:10  Gateway  
  18  1:13  Probe  
  19  1:31  Probe  
  20  1:36  Zealot  
  22  1:46  Cybernetics Core  
  22  1:49  Pylon  
  22  1:57  Assimilator  
  22  2:00  Probe  
  23  2:07  Zealot x2  
  27  2:13  Probe  
  27  2:21  Probe  
  28  2:27  Warp Gate  
  29  2:33  Stalker  
  29  2:35  Twilight Council  
  31  2:45  Probe  
  31  2:46  Pylon  
  31  3:12  Nexus  
  31  3:14  Probe  
  32  3:20  Stalker  
  32  3:22  Probe  
  32  3:26  Charge  
  35  3:33  Stalker  
  37  3:35  Probe  
  38  3:50  Robotics Facility  
  38  3:55  Pylon  
  38  3:57  Probe  
  39  4:13  Gateway, Probe  
  40  4:21  Gateway, Probe  
  40  4:30  Probe  
  41  4:32  Probe  
  43  4:40  Probe  
  43  4:42  Assimilator, Probe  
  45  4:47  Assimilator  
  45  4:50  Pylon  
  45  4:55  Observer  
  46  5:05  Probe x2  
  48  5:18  Probe  
  48  5:20  Forge  
  48  5:22  Probe  
  50  5:43  Probe  
  50  5:44  Observer  
  50  5:47  Probe  
  53  5:57  Photon Cannon  
  53  6:00  Photon Cannon  
  53  6:03  Photon Cannon  
  53  6:05  Photon Cannon  
  53  6:08  Photon Cannon  
  53  6:10  Photon Cannon, Probe x2  
  55  6:13  Photon Cannon  
  55  6:19  Probe  
  56  6:31  Probe  
  56  6:39  Probe x2  
  58  6:44  Zealot x2  
  58  6:45  Zealot x2  
  67  7:05  Nexus  
  67  7:09  Stargate  
  67  7:10  Stargate  
  67  7:12  Protoss Ground Weapons Level 1  
  67  7:15  Stargate  
  66  7:18  Stargate  
  66  7:25  Protoss Air Weapons Level 1, Stargate  
  66  7:37  Pylon  
  66  7:39  Pylon  
  66  7:41  Probe x2  
  66  7:43  Pylon  
  68  7:46  Assimilator  
  68  7:50  Probe  
  68  7:51  Assimilator  
  68  7:53  Probe  
  70  7:58  Probe  
  70  8:03  Probe  
  72  8:08  Probe  
  72  8:10  Void Ray x2  
  72  8:11  Void Ray x2, Probe  
  89  8:15  Void Ray  
  94  8:20  Probe, Zealot x2  
  94  8:24  Zealot  
  94  8:25  Zealot  
  103  8:31  Probe  
  103  8:32  Probe  
  103  8:35  Probe  
  106  8:54  Cybernetics Core  
  106  8:58  Forge  
  106  9:01  Forge  
  106  9:04  Pylon, Probe  
  106  9:06  Pylon  
  106  9:07  Probe x2  
  106  9:09  Pylon  
  109  9:11  Pylon  
  109  9:13  Pylon  
  109  9:21  Void Ray x2  
  117  9:24  Void Ray  
  121  9:44  Void Ray x2  
  129  9:58  Fleet Beacon  
  107  10:10  Zealot x3  
  107  10:11  Zealot  
Tags
 
Add a new tag
Caveats
  • Supply blocks, unpowered buildings, or Contaminate may cause inaccurate times.
  • Supply counts are checked every 10 seconds.